Map: Nightscape LE

Players

VerybBigBoom

  • Race: Zerg Zerg
  • League: Diamond
  • Spawn Location: 1:00

Dartal

  • Race: Protoss Protoss
  • Spawn Location: 1:00

Massa - Winner!

  • Race: Terran Terran
  • League: Platinum
  • Spawn Location: 7:00

qqq - Winner!

  • Race: Zerg Zerg
  • League: Platinum
  • Spawn Location: 7:00

VOD

Have the link to the VOD?

Description

Time

  • Played on: Jan. 9, 2021, 6:26 a.m.
  • Length: 7:17
Show
View Real Time Build Order
Export as new Build Order

VerybBigBoom Zerg 

Build Orders: Hatch First 

Get SALT Encoding   

  12  0:01  Drone  
  13  0:13  Overlord  
  13  0:16  Drone  
  14  0:31  Drone x2  
  16  0:48  Drone x2  
  18  1:03  Hatchery, Drone  
  18  1:10  Extractor  
  17  1:18  Spawning Pool  
  16  1:29  Drone x2  
  16  1:30  Drone  
  19  1:55  Drone x2  
  21  2:03  Overlord  
  21  2:14  Drone  
  22  2:16  Zergling x2  
  22  2:17  Queen x2  
  22  2:20  Metabolic Boost  
  27  2:30  Drone x2  
  29  2:37  Zergling x4  
  31  3:02  Drone x4  
  35  3:21  Drone  
  35  3:24  Overlord x2  
  35  3:25  Roach Warren  
  35  3:27  Extractor  
  35  3:31  Lair  
  35  3:34  Drone x2  
  36  3:41  Extractor  
  36  3:42  Overlord  
  36  3:43  Drone x2  
  36  3:44  Drone  
  36  3:46  Drone x2  
  40  3:56  Drone x2  
  42  4:09  Drone  
  43  4:10  Drone x5  
  48  4:17  Roach x2  
  52  4:28  Roach x2  
  41  4:54  Drone x2  
  41  4:55  Drone x3  
  46  5:06  Queen  
  48  5:10  Spore Crawler  
  48  5:13  Overseer  
  40  5:23  Roach x6  
  38  5:38  Roach x2  
  27  5:59  Roach x2  
  27  6:00  Overseer, Roach x2  
  21  6:22  Ravager  
  11  6:48  Ravager  
  11  6:52  Overlord  
  11  6:53  Zergling x10  
Show
View Real Time Build Order
Export as new Build Order

Dartal Protoss 

Build Orders:  

Get SALT Encoding   

  12  0:02  Probe  
  13  0:18  Pylon  
  13  0:26  Probe  
  14  0:38  Probe  
  15  0:44  Gateway  
  15  0:50  Probe  
  15  0:54  Assimilator  
  16  1:02  Probe  
  17  1:15  Probe  
  18  1:27  Probe  
  18  1:29  Assimilator  
  19  1:39  Cybernetics Core  
  19  1:46  Probe  
  20  1:50  Pylon  
  20  1:58  Probe  
  21  2:10  Probe, Warp Gate (Chrono Boost)  
  21  2:15  Gateway  
  22  2:19  Pylon  
  22  2:20  Stalker (Chrono Boost)  
  22  2:22  Probe  
  25  2:39  Gateway  
  25  2:49  Stalker (Chrono Boost)  
  27  2:59  Nexus  
  27  3:09  Forge  
  27  3:17  Stalker  
  29  3:30  Stalker  
  29  3:31  Stalker  
  33  3:41  Probe  
  34  3:50  Pylon  
  34  3:53  Probe  
  35  4:04  Sentry  
  35  4:05  Probe  
  35  4:06  Pylon  
  35  4:08  Sentry x2  
  42  4:20  Probe  
  43  4:31  Sentry  
  43  4:32  Probe  
  43  4:33  Stalker  
  43  4:34  Stalker  
  50  4:44  Probe  
  33  4:57  Stalker x2  
  33  4:58  Stalker  
  27  5:24  Stalker  
  20  5:44  Probe  
  19  6:15  Probe  
  19  6:28  Probe  
  19  7:03  Probe  
Show
View Real Time Build Order
Export as new Build Order

Massa Terran - Winner!

Build Orders: 1/1/1, Banshee Rush 

Get SALT Encoding   

  12  0:00  SCV  
  13  0:12  SCV  
  14  0:19  Supply Depot  
  14  0:24  SCV  
  15  0:35  Refinery  
  15  0:40  SCV  
  16  0:44  Barracks  
  16  0:52  SCV  
  17  0:59  Refinery  
  17  1:04  SCV  
  18  1:16  SCV  
  19  1:29  SCV  
  19  1:31  Supply Depot  
  20  1:41  Factory  
  20  1:45  Orbital Command  
  20  2:02  Marine  
  21  2:12  SCV  
  22  2:20  Marine  
  23  2:25  Starport  
  23  2:27  Starport  
  23  2:28  SCV  
  24  2:38  Widow Mine, Marine  
  24  2:40  SCV  
  28  2:53  Supply Depot  
  28  2:58  Barracks  
  28  3:00  Marine  
  28  3:05  Widow Mine  
  31  3:06  Starport Tech Lab  
  31  3:07  Starport Tech Lab  
  31  3:18  Marine  
  32  3:26  Banshee  
  37  3:39  Banshee  
  38  3:42  Supply Depot  
  38  3:45  Cloaking Field  
  38  3:48  Marine  
  39  4:03  Marine  
  39  4:04  Widow Mine  
  39  4:09  Banshee  
  45  4:22  Supply Depot  
  45  4:28  Supply Depot  
  45  4:31  Widow Mine  
  47  4:43  Banshee  
  50  5:12  Banshee  
  53  5:26  Banshee  
  47  5:54  Marine x2  
  47  5:55  Banshee  
  52  5:57  Factory Tech Lab  
  52  6:08  Supply Depot  
  52  6:09  Banshee  
  55  6:12  Marine  
  59  6:57  Marine x2  
Show
View Real Time Build Order
Export as new Build Order

qqq Zerg - Winner!

Build Orders: Hatch First 

Get SALT Encoding   

  12  0:00  Drone  
  13  0:09  Drone  
  14  0:18  Overlord  
  14  0:47  Hatchery, Drone  
  14  0:52  Drone  
  14  0:56  Drone  
  16  1:06  Drone  
  17  1:15  Drone  
  18  1:27  Spawning Pool  
  18  1:28  Drone  
  18  1:30  Extractor  
  17  1:45  Drone x2  
  19  1:53  Drone  
  20  2:00  Drone  
  21  2:05  Drone  
  22  2:10  Drone  
  22  2:14  Queen  
  22  2:15  Queen  
  27  2:17  Overlord  
  27  2:21  Drone  
  28  2:29  Overlord  
  28  2:35  Zergling x2  
  29  2:38  Metabolic Boost  
  29  2:40  Zergling x2  
  29  2:42  Zergling x2  
  31  2:46  Zergling x2  
  32  2:56  Zergling x2  
  32  2:58  Zergling x2  
  34  3:06  Zergling x2  
  35  3:13  Zergling x2  
  35  3:14  Zergling x2  
  36  3:21  Zergling x2  
  36  3:26  Zergling x6  
  40  3:29  Lair  
  40  3:31  Drone, Zergling x4  
  43  3:40  Hatchery, Zergling x2  
  43  3:44  Drone  
  43  3:47  Overlord  
  44  3:53  Overlord  
  44  4:04  Overlord  
  44  4:05  Overlord  
  44  4:08  Drone  
  44  4:09  Zergling x2  
  46  4:13  Zergling x2  
  46  4:16  Zergling x2  
  46  4:17  Zergling x2  
  47  4:27  Zergling x4  
  47  4:28  Zergling x4  
  50  4:39  Zergling x2  
  50  4:40  Zergling x4  
  50  4:41  Zergling x6  
  46  4:51  Zergling x2  
  46  4:52  Zergling x2  
  45  5:01  Evolution Chamber  
  45  5:02  Drone  
  45  5:03  Drone, Evolution Chamber  
  45  5:06  Zergling x2  
  46  5:09  Queen  
  48  5:24  Zergling x2  
  48  5:25  Zergling x6  
  48  5:26  Zergling x6  
  49  6:03  Zergling x8  
  49  6:04  Zergling x2  
  50  6:08  Zergling x2  
  50  6:09  Zergling x10  
  50  6:10  Zergling x8  
  58  6:19  Zergling x2  
  58  6:20  Zergling x4  
  59  6:32  Zergling x2  
  59  6:33  Zergling x2  
  59  6:34  Drone  
  59  6:50  Zergling x6  
  59  6:51  Zergling x10  
Tags
 
Add a new tag
Caveats
  • Supply blocks, unpowered buildings, or Contaminate may cause inaccurate times.
  • Supply counts are checked every 10 seconds.